 Dungeon Crawl Stone Soup version 0.22.1-2-g9c5b331 (webtiles) character file.

48 Goblin1989 the Sneak (level 3, -1/24 HPs)
             Began as an Octopode Assassin on Dec 14, 2018.
             Slain by a goblin
             ... wielding a +0 dagger
              (4 damage)
             ... on level 1 of the Dungeon.
             The game lasted 00:02:46 (1338 turns).

Goblin1989 the Sneak (Octopode Assassin)            Turns: 1338, Time: 00:02:47

Health: -1/24      AC:  1    Str: 10    XL:     3   Next: 72%
Magic:  3/3        EV: 13    Int: 13    God:
Gold:   28         SH:  0    Dex: 14    Spells: 2/2 levels left

rFire    . . .     SeeInvis .   a - +2 dagger (venom)
rCold    . . .     Gourm    .   (no shield)
rNeg     . . .     Faith    .   (helmet restricted)
rPois    .         Spirit   .   (no amulet)
rElec    .         Reflect  .   (no ring)
rCorr    .         Harm     .   (no ring)
MR       .....                  (no ring)
Stlth    +++++.....             (no ring)
HPRegen  0.08/turn              (no ring)
MPRegen  0.08/turn              (no ring)
                                (no ring)
                                (no ring)

@: lethally poisoned (-1 -> -3)
A: almost no armour, stealthy swim, amphibious, 8 rings, constrict 8, camouflage
1, gelatinous body 1
a: no special abilities


You were on level 1 of the Dungeon.
You were not hungry.

You visited 1 branch of the dungeon, and saw 2 of its levels.

You collected 28 gold pieces.

Inventory:

Hand Weapons
 a - a +2 dagger of venom (weapon)
 w - a +0 blowgun {@w1}
Missiles
 c - 37 poisoned needles
 d - 2 curare-tipped needles
 B - 27 stones (quivered) {@Q3}
 F - 33 arrows
Scrolls
 x - 3 scrolls of identify {unknown}
 y - a scroll of teleportation {unknown}
 z - a scroll of amnesia {unknown}
 A - a scroll of enchant armour {unknown}
 E - a scroll of fog {unknown}
Potions
 C - a potion of haste {unknown}
Comestibles
 e - 2 rations


   Skills:
 - Level 2.0 Fighting
 - Level 2.0 Short Blades
 - Level 2.0 Throwing
 - Level 1.0 Dodging
 + Level 7.3 Stealth


You had 2 spell levels left.
You didn't know any spells.
Your spell library was empty.

Dungeon Overview and Level Annotations

Branches:
Dungeon (2/15)

Altars:


Innate Abilities, Weirdness & Mutations

You cannot wear most types of armour.
You are very stealthy in the water. (Stealth+)
You are amphibious.
You can wear up to eight rings at the same time.
You can use your tentacles to constrict eight enemies at once.
Your skin changes colour to match your surroundings (Stealth+).
Your rubbery body absorbs attacks. (AC +1, EV +1)


Message History

You climb downwards. 2 gnolls and a kobold come into view.
Found a stone staircase leading down.
There is a stone staircase leading up here.
The helpless kobold fails to defend itself.
You spit the kobold like a pig!!!
You kill the kobold!
The gnoll shouts! x2; You hear a shout!
You hear a bark! x2
A bat comes into view.
A jackal comes into view. x2
You hear a shout!
Unknown command.
The gnoll hits you from afar with a halberd!!
Ouch! That really hurt!
* * * LOW HITPOINT WARNING * * *
You climb upwards.
There is a stone staircase leading down here.
You take 19 damage, and have 5/24 hp.
MASSIVE DAMAGE!!
Unknown command.
You start resting.
Some of the chunks of flesh in your inventory have rotted away. x2
Eating one of 2 chunks of flesh.
You eat one of the 2 chunks of flesh.
This raw flesh tastes terrible.
All of the chunks of flesh in your inventory have rotted away.
HP restored.
Health restored: 24 Unknown command.
You start waiting.
Done waiting.
There is an open door here.
You see here a dagger.
There is a stone staircase leading down here.
You climb downwards.
A leopard gecko, an adder and a hobgoblin come into view.
There is a stone staircase leading up here.
Unknown command.
The helpless leopard gecko fails to defend itself.
You impale the leopard gecko!!
You kill the leopard gecko!
There is a stone staircase leading up here.
A goblin comes into view. It is wielding a dagger.
Found a stone staircase leading down.
The hobgoblin hits you.
You take 2 damage, and have 22/24 hp.
You barely miss the hobgoblin.
The adder hisses angrily.
You grab the hobgoblin. You constrict the hobgoblin. The hobgoblin hits you.
You take 2 damage, and have 20/24 hp.
You hit the hobgoblin but do no damage.
The hobgoblin is poisoned.
The hobgoblin is moderately wounded.
You constrict the hobgoblin, but do no damage.
The hobgoblin hits you.
You take 3 damage, and have 17/24 hp.
You hit the hobgoblin.
The hobgoblin looks as sick as possible!
You squeeze the hobgoblin, but do no damage.
The hobgoblin is almost dead.
You constrict the hobgoblin.
You kill the hobgoblin!
The adder barely misses you.
You barely miss the adder. Your grab misses the adder.
Your squeeze misses the adder. The adder bites you.
You are poisoned.
The adder poisons you!
You take 4 damage, and have 13/24 hp.
You are too injured to fight recklessly!
You are too injured to fight recklessly!
You are too injured to fight recklessly!
You are too injured to fight recklessly!
You are too injured to fight recklessly!
You are too injured to fight recklessly!
Unknown command.
You barely miss the adder. You grab the adder. You constrict the adder.
You feel sick. The adder misses you.
You take 1 damage, and have 12/24 hp.
You hit the adder. You squeeze the adder.
The adder is almost dead.
You constrict the adder. The adder bites you.
* * * LOW HITPOINT WARNING * * *
You take 5 damage, and have 7/24 hp.
MASSIVE DAMAGE!!
You hit the adder.
You kill the adder!
A kobold comes into view. It is wielding a whip.
The goblin hits you but does no damage.
Unknown command.
You feel sick.
You take 1 damage, and have 6/24 hp.
The goblin hits you with a dagger.
* * * LOW HITPOINT WARNING * * *
You take 3 damage, and have 3/24 hp.
There is a stone staircase leading up here.
The goblin hits you but does no damage.
You climb upwards.
* * * LOW HITPOINT WARNING * * *
You feel sick.
There is a stone staircase leading down here.
Unknown command.
You hit the goblin. Your grab misses the goblin.
The goblin is moderately wounded.
The goblin hits you with a dagger.
You die...

..█.........█ █.█
█.█.........█ █.█████████
█.█.........██ █.█.......█
.............█ █.█)████.██
.............█ █.█.█ █.█
.............█ █.█.█ █.█
.............█ █.█.█ █.█
█............███g█.█ █.█
..............).@█.████.██
..█.██..████████.........█
█.......████████.█.███████
█................█.█
█.......██████████.█
█.......█ █.█ █.......█
█.█ █.......█ █.█
█.......█ █.█


You could see a goblin.

Vanquished Creatures
  An adder (D:2)
  An ooze (D:1)
  2 dart slugs (D:1)
  2 leopard geckos
  4 bats (D:1)
  4 goblins (D:1)
  5 hobgoblins
  3 kobolds
  2 frilled lizards (D:1)
  4 rats (D:1)
28 creatures vanquished.

Vanquished Creatures (others)
  A jackal (D:2)
1 creature vanquished.

Grand Total: 29 creatures vanquished

Notes
Turn   | Place    | Note
-------+----------+-------------------------------------------
     0 | D:1      | Goblin1989 the Octopode Assassin began the quest for the
                  | Orb.
     0 | D:1      | Reached XP level 1. HP: 14/14 MP: 1/1
    54 | D:1      | Reached XP level 2. HP: 19/19 MP: 2/2
    61 | D:1      | Reached skill level 6 in Stealth
   767 | D:1      | Reached XP level 3. HP: 22/24 MP: 3/3
   909 | D:1      | Reached skill level 7 in Stealth
  1338 | D:1      | Slain by a goblin

Skill      XL: |  1  2  3 |
---------------+----------+-----
Stealth        | 6 7 |  7.3
Fighting       | |  2.0
Short Blades   | |  2.0
Throwing       | |  2.0
Dodging        | |  1.0

Action                   || total
-------------------------++-------
Melee: Dagger            ||    51
       Constrict         ||    10
       Tentacles         ||    10
 Stab: Sleeping          ||    11
  Eat: Chunk             ||     1
Armor: Skin              ||     2
Dodge: Dodged            ||    17

Vault maps used:
D:1:      scummos_arrival_star
D:2:      gammafunk_temple_overflow_claw, minmay_item_behind_shaft,
          corexii_hall_statues_x, lemuel_old_faithful
